 Dungeon Crawl Stone Soup version 0.28-a0-628-g3c9886e45e (webtiles) character file.

Game seed: 7216784372718667131

244 bande the Covered (level 6, -1/38 HPs)
             Began as a Gargoyle Fighter on Oct 9, 2021.
             Slain by mordus's ghost (6 damage)
             ... on level 3 of the Dungeon.
             The game lasted 00:05:38 (4383 turns).

bande the Covered (Gargoyle Fighter)                Turns: 4383, Time: 00:05:38

Health: -1/38      AC: 15    Str: 21    XL:     6   Next: 10%
Magic:  6/6        EV:  7    Int:  8    God:
Gold:   165        SH:  4    Dex: 10    Spells: 5/5 levels left

rFire   . . .      SeeInvis .   a - +0 war axe
rCold   . . .      Faith    .   c - +0 buckler
rNeg    + . .      Spirit   .   h - +0 chain mail
rPois   ∞          Reflect  .   (no helmet)
rElec   +          Harm     .   (no cloak)
rCorr   .          Rampage  .   f - +0 pair of gloves
Will    .....                   (no boots)
Stlth   ..........              (no amulet)
HPRegen 0.12/turn               (no ring)
MPRegen 0.10/turn               (no ring)

@: no status effects
A: sickness immunity, AC +4, negative energy resistance 1, electricity
resistance, torment resistance 1, petrification resistance
a: no special abilities


You were on level 3 of the Dungeon.
You visited 1 branch of the dungeon, and saw 4 of its levels.

You collected 165 gold pieces.

Inventory:

Hand Weapons
 a - a +0 war axe (weapon)
Armour
 c - a +0 buckler (worn)
 f - a +0 pair of gloves (worn)
 h - a +0 chain mail (worn)
Jewellery
 j - a +4 ring of evasion
 l - a ring of wizardry
Wands
 m - a wand of acid (8)
Scrolls
 b - a scroll of teleportation
 n - a scroll of identify
Potions
 d - 4 potions of might
 e - a potion of magic
 g - a potion of attraction
 i - a potion of flight {unknown}
 k - 2 potions of cancellation
 o - 2 potions of curing {unknown}


   Skills:
 + Level 4.0 Fighting
 + Level 3.9 Axes
 + Level 4.8 Armour
 + Level 3.9 Shields
 * Level 0.1 Evocations


You had 5 spell levels left.
You didn't know any spells.
Your spell library contained the following spells:

 Spells                   Type           Power      Damage    Failure   Level
 Magic Dart               Conj           0%         1d3       98%         1
 Sandblast                Erth           0%         2d4       98%         1
 Call Imp                 Summ           0%         N/A       99%         2
 Passwall                 Tmut/Erth      0%         N/A       99%         2
 Gell's Gravitas          Tloc           0%         N/A       100%        3
 Lesser Beckoning         Tloc           0%         N/A       100%        3
 Mephitic Cloud           Conj/Pois/Air  0%         N/A       100%        3
 Stone Arrow              Conj/Erth      0%         3d7       100%        3
 Teleport Other           Tloc           0%         N/A       100%        3
 Malign Gateway           Summ/Tloc      0%         N/A       100%        7
 Summon Horrible Things   Summ           0%         N/A       100%        8


Dungeon Overview and Level Annotations

Branches:
Dungeon (4/15)
 Temple: D:4-7

Altars:
Ashenzari
Gozag
Trog
Uskayaw
Xom

Annotations:
D:3 1 transporter, a11behringer's ghost, amateur DjGl; mordus's ghost, novice HOFi
D:4 dinky3's ghost, amateur BaCj


Innate Abilities, Weirdness & Mutations

You are immune to sickness and miasma.
Your stone body is resilient. (AC +4)
You are immune to poison.
You resist negative energy. (rN+)
You are resistant to electric shocks. (rElec)
You are resistant to unholy torment.
You are immune to petrification.


Message History

Mordus's ghost is moderately damaged.
Mordus's ghost says very slowly, "There's no hope."
Mordus's ghost hits you.
You slash mordus's ghost!
Mordus's ghost is heavily damaged.
Mordus's ghost barely misses you.
Mordus's ghost hits you but does no damage.
You slash mordus's ghost!
Mordus's ghost is heavily damaged.
Mordus's ghost hits you!
* * * LOW HITPOINT WARNING * * *
You hit mordus's ghost.
Mordus's ghost is severely damaged.
Mordus's ghost hits you.
* * * LOW HITPOINT WARNING * * *
You barely miss mordus's ghost.
Mordus's ghost is severely damaged.
Mordus's ghost hits you but does no damage.
Mordus's ghost barely misses you.
You hit mordus's ghost.
Mordus's ghost is severely damaged.
Mordus's ghost hits you but does no damage.
You hit mordus's ghost but do no damage.
Mordus's ghost is severely damaged.
Mordus's ghost hits you but does no damage.
You slash mordus's ghost!
Mordus's ghost is almost destroyed.
Mordus's ghost hits you but does no damage. x2
You hit mordus's ghost but do no damage.
Mordus's ghost is almost destroyed.
Mordus's ghost hits you.
* * * LOW HITPOINT WARNING * * *
You hit mordus's ghost.
Mordus's ghost is almost destroyed.
Mordus's ghost hits you.
* * * LOW HITPOINT WARNING * * *
You closely miss mordus's ghost.
Mordus's ghost is almost destroyed.
Mordus's ghost completely misses you. Mordus's ghost hits you.
You die...

#.# #.# #.# ## #.# #.# #.# # #.#
###.###### #.# # #.# #........#
#.# # #.# #........# #.# # #.#
#........# #.# # #.#
#........###.####### #.#
#####.W......#.#.......# #.#
##......@................ #.#
#.............#.........#
###.####..###........#.##......#
#....................#.##......#
#.#.####..#.#..................#
#.#)# #...#.###.#.#............#
#.#.# #...........#............#
#.#.###...#.#.#.######.##......#
#.#.............................


You could see mordus's ghost.

Vanquished Creatures
  A water moccasin skeleton (D:4)
  A hound (D:4)
  2 orc wizards (D:4)
  The ghost of AttackTheMoon the Sneak, a weakling GrDe (D:3)
  A mummy (D:4)
  2 adders
  2 worms
  A dart slug (D:2)
  6 orcs (D:4)
  5 bats
  7 endoplasms
  A giant cockroach (D:2)
  2 goblins (D:1)
  6 hobgoblins
  6 kobolds
  2 quokkas
  8 ball pythons
  3 frilled lizards
  A goblin zombie (D:4)
  An orc zombie (D:4)
  6 rats
  A spectral goblin (D:2)
66 creatures vanquished.

Vanquished Creatures (others)
  2 withered plants (D:4)
2 creatures vanquished.

Grand Total: 68 creatures vanquished

Notes
Turn   | Place    | Note
-------+----------+-------------------------------------------
     0 | D:1      | bande the Gargoyle Fighter began the quest for the Orb.
     0 | D:1      | Reached XP level 1. HP: 14/14 MP: 1/1
   109 | D:1      | Reached XP level 2. HP: 18/19 MP: 2/2
   958 | D:1      | Reached XP level 3. HP: 19/23 MP: 3/3
  1513 | D:2      | You fall into a shaft and drop 1 floor!
  1513 | D:3      | Noticed a11behringer's ghost (amateur DjGl)
  1513 | D:3      | Found a transporter.
  1623 | D:2      | Found a broken altar of Ashenzari.
  1846 | D:2      | Found a faded altar of an unknown god.
  2139 | D:3      | Reached XP level 4. HP: 9/29 MP: 4/4
  2465 | D:3      | Found a hide-covered altar of Uskayaw.
  2470 | D:3      | Found an opulent altar of Gozag.
  2706 | D:3      | Found a bloodstained altar of Trog.
  3275 | D:4      | Reached XP level 5. HP: 32/33 MP: 5/5
  3505 | D:4      | Found a shimmering altar of Xom.
  3537 | D:4      | Found a runed translucent gate.
  3538 | D:4      | Found a runed translucent gate.
  3988 | D:4      | Reached XP level 6. HP: 38/38 MP: 6/6
  4037 | D:4      | Found a runed translucent gate.
  4180 | D:4      | Noticed mordus's ghost (novice HOFi)
  4180 | D:4      | Noticed AttackTheMoon's ghost (weakling GrDe)
  4180 | D:4      | Noticed dinky3's ghost (amateur BaCj)
  4299 | D:3      | Killed AttackTheMoon's ghost
  4383 | D:3      | Slain by mordus's ghost

Illustrated notes

Levels and vault maps discovered:
D:1:      sevenhm_arrival_forest_fort_large_4, layout_loops_ring,
          chequers_serial_rivers_small_3
D:2:      layout_rooms, basic_altar, dreamdust_ecumenical_altar_drowned_temple,
          corexii_leaking_fountain, st_stairs_14
D:3:      layout_basic, minitemple, mainiacjoe_overflow_brackets,
          gammafunk_ghost_mausoleum, corner_web_ring
D:4:      layout_gridville, mainiacjoe_overflow_alcove_2,
          nicolae_ossuary_entry_giza, gammafunk_ghost_cemetery,
          uniq_crazy_yiuf_cottage

Skill      XL: |  1  2  3  4  5 |
---------------+----------------+-----
Axes           | 2 3 |  3.9
Armour         | 4 |  4.8
Fighting       | 4 |  4.0
Shields        | |  3.9
Evocations     | |  0.1

Action                   |  1- 3 |  4- 6 || total
-------------------------+-------+-------++-------
Melee: War axe           |   129 |   111 ||   240
  Use: Scroll            |     3 |     1 ||     4
Armor: Scale mail        |    45 |       ||    45
       Chain mail        |    33 |   101 ||   134
Dodge: Dodged            |    54 |    40 ||    94
Block: Buckler           |    35 |    17 ||    52

Table legend: (Time is in decaauts)
 A = Elapsed time spent in this place.
 B = Non-inter-level travel time spent in this place.
 C = Inter-level travel time spent in this place.
 D = Time resting spent in this place.
 E = Time spent auto-exploring this place.
 F = Levels seen in this place.
 G = Mean time per level.
                   A        B        C        D        E       F      G
               +--------+--------+--------+--------+--------+-----+--------+
         Total |   4481 |   4457 |     24 |    658 |   2986 |   4 | 1120.2 |
       Dungeon |   4481 |   4457 |     24 |    658 |   2986 |   4 | 1120.2 |
               +--------+--------+--------+--------+--------+-----+--------+

Top non-repeatable levels by time:
     D:4: 1346 daAuts
     D:1: 1203 daAuts
     D:3: 1168 daAuts
     D:2: 764 daAuts
